 Dungeon Crawl Stone Soup version 0.19.4-8-ga85b6b9 (console) character file.

44 Grinner the Ruffian (level 3, -2/28 HPs)
             Began as a Minotaur Transmuter on Feb 8, 2017.
             Slain by Natasha (5 damage)
             ... on level 2 of the Dungeon.
             The game lasted 00:02:33 (1156 turns).

Grinner the Ruffian (Minotaur Transmuter)           Turns: 1156, Time: 00:02:34

Health: -2/28      AC:  3    Str: 14    XL:     3   Next: 41%
Magic:  3/4        EV: 18    Int: 11    God:
Gold:   34         SH:  0    Dex: 15    Spells: 1 memorised, 3 levels left

rFire  . . .     SeeInvis .       - Unarmed
rCold  . . .     Gourm    .     b - +0 robe
rNeg   . . .     Faith    .     (no shield)
rPois  .         Spirit   .     (helmet restricted)
rElec  .         Reflect  .     (no cloak)
rCorr  .         Harm     .     j - +0 pair of gloves
MR     .....                    (boots currently unavailable)
Stlth  ++........               (no amulet)
                                (no ring)
                                (no ring)

@: agile, appendage (expiring)
A: retaliatory headbutt, horns 2, talons 3
a: End Transformation


You were on level 2 of the Dungeon.
You were not hungry.
You had grown temporary talons.
You visited 1 branch of the dungeon, and saw 2 of its levels.

You collected 34 gold pieces.

Inventory:

Missiles
 a - 23 arrows
Armour
 b - a +0 robe (worn)
 f - a +0 pair of boots
 j - a +0 pair of gloves (worn)
Scrolls
 g - a scroll of noise {unknown}
 i - a scroll of teleportation {unknown}
 k - a scroll of recharging {unknown}
 l - a scroll of identify {unknown}
 m - a scroll of immolation {unknown}
Potions
 e - a potion of flight {unknown}
 h - a potion of curing {unknown}
 p - a potion of invisibility {unknown}
Books
 c - a book of Changes

   Spells                             Type                      Level
   a - Beastly Appendage              Transmutation                1
   b - Sticks to Snakes               Transmutation                2
   c - Spider Form                    Transmutation/Poison         3
   d - Ice Form                       Ice/Transmutation            4
   e - Blade Hands                    Transmutation                5
Comestibles
 d - a bread ration
 o - a beef jerky


   Skills:
 - Level 1.2 Fighting
 + Level 2.9 Dodging
 * Level 4.5 Unarmed Combat
 - Level 1.3 Spellcasting
 - Level 1.5 Transmutations


You had 3 spell levels left.
You knew the following spells:

 Your Spells              Type           Power        Failure   Level  Hunger
z - Beastly Appendage     Tmut           #.....       21%         1    ##.....


Dungeon Overview and Level Annotations

Branches:
Dungeon (2/15)

Altars:

Annotations:
D:2 Natasha


Innate Abilities, Weirdness & Mutations

You reflexively headbutt those who attack you in melee.
You have a pair of horns on your head.
You have claws for feet.


Message History

You furiously retaliate!
You headbutt the bat.
You kill the bat!
Natasha barely misses you.
You closely miss Natasha. Your kick misses Natasha.
You headbutt Natasha, but do no damage. Natasha casts a spell at you.
The magic dart hits you!
You closely miss Natasha. Your headbutt misses Natasha.
The white imp barely misses you. Natasha claws you. The white imp hits you.
The white imp freezes you.
You see here a bat corpse.
You closely miss Natasha. Your kick misses Natasha.
The white imp hits you but does no damage.
Natasha claws you!
* * * LOW HITPOINT WARNING * * *
It was a potion of agility.
You feel agile all of a sudden. The white imp gestures at you.
The puff of frost misses you. Natasha claws you.
You die...

...# #.#.##########...
...#####.#.# #.$....$...
.........#.# #..........
.###<...##.# #........#
.........#.# ........#
.........#.###..(......
.........#..†<##...###.(
.....)............%.....
.#........######@..###..
...#....#.#....5h..#
........#.#.....†..# #..
...........# ..
.............
.......###... .......
...# ....... .....
....... ..##


You could see Natasha and a white imp.

Vanquished Creatures
  An adder (D:2)
  2 leopard geckos (D:1)
  7 bats
  3 giant cockroaches (D:1)
  A goblin (D:1)
  8 hobgoblins
  A quokka (D:2)
  2 frilled lizards (D:1)
  4 kobolds (D:1)
  A rat (D:1)
30 creatures vanquished.

Notes
Turn   | Place    | Note
-------+----------+-------------------------------------------
     0 | D:1      | Grinner the Minotaur Transmuter began the quest for the Orb.
     0 | D:1      | Reached XP level 1. HP: 16/16 MP: 1/1
   166 | D:1      | Reached XP level 2. HP: 20/23 MP: 3/3
   417 | D:1      | Reached skill level 4 in Unarmed Combat
   803 | D:1      | Reached XP level 3. HP: 19/28 MP: 4/4
  1145 | D:2      | Noticed Natasha
  1156 | D:2      | Slain by Natasha

Skill      XL: |  1  2 |
---------------+-------+-----
Unarmed Combat | 4 |  4.5
Fighting       | |  1.2
Dodging        | |  2.9
Spellcasting   | |  1.3
Transmutations | |  1.5

Action                   || total
-------------------------++-------
Melee: Unarmed           ||    78
       Headbutt          ||    12
       Punch             ||     2
       Kick              ||     1
 Cast: Beastly Appendage ||     3
  Use: Scroll            ||     1
       Potion            ||     1
  Eat: Chunk             ||     1
Armor: Robe              ||    15
Dodge: Dodged            ||    54
